 Dungeon Crawl Stone Soup version 0.29.1 (webtiles) character file.

Game seed: 7122172356135819448

292 qw the Shield-Bearer (level 6, 0/37 HPs)
             Began as a Gargoyle Fighter on Sept 13, 2022.
             Killed from afar by an orc wizard (2 damage)
             ... with a magic dart
             ... on level 4 of the Dungeon.
             The game lasted 00:01:23 (3017 turns).

qw the Shield-Bearer (Gargoyle Fighter)             Turns: 3017, Time: 00:01:23

Health: 0/37       AC: 15    Str: 22    XL:     6   Next: 33%
Magic:  6/6        EV:  8    Int:  8    God:
Gold:   181        SH:  8    Dex:  9    Spells: 5/5 levels left

rFire   . . .      SeeInvis .   Y - +0 war axe
rCold   . . .      Faith    .   i - +0 kite shield
rNeg    + . .      Spirit   .   b - +0 scale mail
rPois   inf        Reflect  .   (no helmet)
rElec   +          Harm     .   (no cloak)
rCorr   +          Rampage  .   (no gloves)
Will    .....                   (no boots)
Stlth   ..........              (no amulet)
HPRegen 0.12/turn               h - +4 ring of protection
MPRegen 0.10/turn               a - ring of resist corrosion

@: no status effects
A: sickness immunity, AC +4, negative energy resistance 1, electricity
resistance, torment resistance 1, petrification resistance
a: no special abilities


You were on level 4 of the Dungeon.
You visited 1 branch of the dungeon, and saw 4 of its levels.

You collected 181 gold pieces.


Innate Abilities, Weirdness & Mutations

You are immune to sickness and miasma.
Your stone body is resilient. (AC +4)
You are immune to poison.
You resist negative energy. (rN+)
You are resistant to electric shocks. (rElec)
You are resistant to unholy torment.
You are immune to petrification.


   Skills:
 - Level 3.2 Fighting
 + Level 4.8 Axes
 - Level 3.2 Armour
 - Level 5.2 Shields


You had 5 spell levels left.
You didn't know any spells.
Your spell library was empty.

Inventory:

Hand Weapons
 r - a +0 flail
 Y - a +0 war axe (weapon)
Missiles
 c - a boomerang (quivered)
Armour
 b - a +0 scale mail (worn)
 i - a +0 kite shield (worn)
 l - a +0 pair of boots
Jewellery
 a - a ring of resist corrosion (right hand)
 h - a +4 ring of protection (left hand)
Scrolls
 f - a scroll of fear {unknown}
 j - a scroll of teleportation {unknown}
 q - a scroll of enchant armour
 s - a scroll of blinking {unknown}
 t - 2 scrolls of identify {unknown}
Potions
 d - 2 potions of might
 e - a potion of ambrosia {unknown}
 g - a potion of invisibility {unknown}
 k - a potion of brilliance {unknown}
 m - a potion of heal wounds {unknown}
 n - a potion of lignification {unknown}
 o - a potion of flight {unknown}

Dungeon Overview and Level Annotations

Branches:
Dungeon (4/15)
 Temple: D:4-7

Altars:
Hepliaklqana
Nemelex Xobeh


Message History

Something hits you but does no damage. The orc hits you but does no damage.
You closely miss the orc.
The orc is almost dead.
You miss something. You closely miss the hound.
The hound bites you but does no damage. Something hits you but does no damage.
You block the orc's attack.
You closely miss the orc.
The orc is almost dead.
You closely miss something. You hit the hound but do no damage.
You barely miss the hound. The hound closely misses you.
You block the hound's attack.
You hear some strange, mumbled words.
A magic dart appears from out of thin air!
The magic dart hits you. The orc hits you with a +0 short sword.
The hound closely misses you. The hound bites you. Something hits you.
You block the orc's attack.
You slash the orc!
You kill the orc!
You miss something. You hit the hound. You slash the hound!
The hound closely misses you. The hound barely misses you. x2
The hound completely misses you. Something hits you but does no damage.
You barely miss the hound.
The hound is heavily wounded.
You barely miss the endoplasm. You slash the hound! You miss something.
The hound bites you but does no damage. x2; The endoplasm barely misses you.
You block something's attack.
The hound bites you but does no damage. x2
You hear some strange, mumbled words.
Something tries to affect you, but you resist.
The endoplasm hits you but does no damage.
You barely miss the hound.
The hound is almost dead.
You slash the hound!
You kill the hound!
You miss something. You slash the endoplasm!
You kill the endoplasm!
The hound closely misses you. The hound bites you.
You hear some strange, mumbled words.
A magic dart appears from out of thin air!
The magic dart hits you.
You die...

....... .....
.......###.....
...............
...............
.............
...........
......)S{#
......h@# ...
........### ...
.........:##..
........#.##.#
......#...##.#
.............#
#............###
#..............#
#
#.............##
.##


You could see a hound and a ball python.

Vanquished Creatures
  A necrophage (D:4)
  2 hounds (D:4)
  An iguana (D:4)
  An orc wizard (D:4)
  5 adders
  A river rat (D:3)
  A worm (D:2)
  5 orcs
  9 ball pythons
  12 endoplasms
  9 giant cockroaches
  7 goblins
  8 hobgoblins
  5 quokkas
  3 bats
  8 frilled lizards
  8 kobolds
  5 rats
91 creatures vanquished.

Vanquished Creatures (others)
  20 plants (D:2)
20 creatures vanquished.

Grand Total: 111 creatures vanquished

Notes
Turn   | Place    | Note
-------+----------+-------------------------------------------
     0 | D:1      | qw the Gargoyle Fighter began the quest for the Orb.
     0 | D:1      | Reached XP level 1. HP: 14/14 MP: 1/1
     0 | D:1      | 0 ||| qw: Version: 0.1-a-119-g272c26d
     0 | D:1      | 0 ||| qw: Game counter: 11148
     0 | D:1      | 0 ||| qw: Always use a shield: true
     0 | D:1      | 0 ||| qw: God list: Okawaru
     0 | D:1      | 0 ||| qw: Allow faded altars: false
     0 | D:1      | 0 ||| qw: Do Orc after D:15 true
     0 | D:1      | 0 ||| qw: Do second Lair branch before Depths: true
     0 | D:1      | 0 ||| qw: Lair rune preference: random
     0 | D:1      | 0 ||| qw: Plans: Normal, Zot, God:TSO, Crypt, Tomb, Pan,
                  | Slime, Hells, Zig, Abyss, Orb
     0 | D:1      | 0 ||| PLANNING D:1-11
   157 | D:1      | Reached XP level 2. HP: 19/19 MP: 2/2
   243 | D:1      | 243 ||| Stepping ~*~*~tactically~*~*~ (stealth).
   321 | D:1      | 321 ||| Stepping ~*~*~tactically~*~*~ (stealth).
   377 | D:1      | 377 ||| Stepping ~*~*~tactically~*~*~ (stealth).
   382 | D:1      | 382 ||| Stepping ~*~*~tactically~*~*~ (stealth).
   394 | D:1      | 394 ||| Stepping ~*~*~tactically~*~*~ (stealth).
   442 | D:1      | Reached skill level 3 in Axes
   574 | D:1      | Reached XP level 3. HP: 23/23 MP: 3/3
   982 | D:1      | 982 ||| UPGRADING to +4 ring of protection.
   983 | D:1      | 983 ||| READING scroll labelled LUOLLUOLORE.
   984 | D:1      | 984 ||| READING scroll labelled SECLES BUBRUO.
  1015 | D:2      | 1015 ||| STAIRDANCE
  1030 | D:2      | 1030 ||| Stepping ~*~*~tactically~*~*~ (stealth).
  1210 | D:2      | 1210 ||| Stepping ~*~*~tactically~*~*~ (stealth).
  1213 | D:2      | 1213 ||| Stepping ~*~*~tactically~*~*~ (stealth).
  1269 | D:2      | 1269 ||| Stepping ~*~*~tactically~*~*~ (stealth).
  1291 | D:2      | Reached XP level 4. HP: 28/28 MP: 4/4
  1322 | D:2      | 1322 ||| Stepping ~*~*~tactically~*~*~ (stealth).
  1541 | D:2      | 1541 ||| DROPPING +2 antimagic hand axe.
  1726 | D:2      | 1726 ||| DROPPING scarf of harm.
  1727 | D:2      | 1727 ||| UPGRADING to ring of resist corrosion.
  1728 | D:2      | 1728 ||| READING scroll labelled JEQ WA JUA.
  1729 | D:2      | 1729 ||| READING scroll labelled ANNAGA DUALAO.
  1730 | D:2      | 1730 ||| DRINKING 2 bubbling black potions.
  1835 | D:2      | 1835 ||| DROPPING potion of berserk rage.
  1841 | D:3      | 1841 ||| PLANNING SEWER
  1933 | D:3      | Found a hazy altar of Hepliaklqana.
  2036 | D:3      | Found a sparkling altar of Nemelex Xobeh.
  2256 | D:3      | 2256 ||| Stepping ~*~*~tactically~*~*~ (stealth).
  2289 | D:3      | 2289 ||| Stepping ~*~*~tactically~*~*~ (hiding).
  2290 | D:3      | 2290 ||| Stepping ~*~*~tactically~*~*~ (hiding).
  2291 | D:3      | 2291 ||| Stepping ~*~*~tactically~*~*~ (hiding).
  2471 | D:3      | 2471 ||| RIP SEWER
  2501 | D:3      | 2501 ||| PLANNING D:1-11
  2501 | D:3      | 2501 ||| DROPPING +0 mace.
  2643 | D:3      | Reached XP level 5. HP: 31/32 MP: 5/5
  2672 | D:3      | 2672 ||| UPGRADING to +0 kite shield.
  2682 | D:3      | 2682 ||| DROPPING +0 buckler.
  2683 | D:3      | 2683 ||| READING scroll labelled EMMULU SAENOEZI.
  2684 | D:3      | 2684 ||| READING scroll labelled FEGGAU OWEOKEXOMEGH.
  2685 | D:3      | 2685 ||| DRINKING 2 ruby potions.
  2756 | D:4      | 2756 ||| Stepping ~*~*~tactically~*~*~ (stealth).
  2779 | D:4      | 2779 ||| Stepping ~*~*~tactically~*~*~ (stealth).
  2782 | D:4      | 2782 ||| Stepping ~*~*~tactically~*~*~ (stealth).
  2792 | D:4      | Reached skill level 4 in Shields
  2848 | D:4      | 2848 ||| FLEEEEING.
  2854 | D:4      | 2854 ||| FLEEEEING.
  2855 | D:4      | 2855 ||| STAIRDANCE
  2888 | D:4      | 2888 ||| STAIRDANCE
  2907 | D:4      | Reached XP level 6. HP: 37/37 MP: 6/6
  2947 | D:4      | Reached skill level 5 in Shields
  3001 | D:4      | 3001 ||| DRINKING potion of curing.
  3001 | D:4      | 3001 ||| (to cure confusion)
  3014 | D:4      | HP: 8/37 [hound (4)]
  3017 | D:4      | HP: 2/37 [hound (5)]
  3017 | D:4      | Killed from afar by an orc wizard

Levels and vault maps discovered:
D:1:      ncdulo_halloftheorcs, layout_loops_cross
D:2:      layout_rooms, lexackson_kobold_supper
D:3:      layout_loops_cross, nzn_hepliaklqana_mist_gate,
          nemelex_xobeh_ov_fountains_minmay, gup_sewer_entry_bubbles
D:4:      layout_rooms, tgw_kikubaaqudgha, minmay_fractal_squares_diagonal_5

Skill      XL: |  1  2  3  4  5  6 |
---------------+-------------------+-----
Axes           | 2 3 4 |  4.8
Shields        | 4 5 |  5.2
Fighting       | |  3.2
Armour         | |  3.2

Action                   |  1- 3 |  4- 6 || total
-------------------------+-------+-------++-------
Melee: War axe           |   118 |   128 ||   246
Throw: Boomerang         |       |     2 ||     2
  Use: Scroll            |     2 |     4 ||     6
       Potion            |       |     3 ||     3
Armor: Scale mail        |    66 |    89 ||   155
Dodge: Dodged            |    56 |    65 ||   121
Block: Buckler           |    19 |    18 ||    37
       Kite shield       |       |    21 ||    21

Table legend:
 A = Non-vault XP
 B = Vault XP
 C = Vault XP percentage of total XP
 D = Non-vault monster count
 E = Vault monster count
 F = Vault count percentage of total count
                 A         B        C        D         E       F
            +---------+---------+-------+---------+---------+-------
      Total |     264 |     199 |  43.0 |      69 |      22 |  24.2
            +---------+---------+-------+---------+---------+-------
        D:1 |      46 |       0 |   0.0 |      28 |       0 |   0.0
        D:2 |      53 |       8 |  13.1 |      24 |       8 |  25.0
        D:3 |      40 |      27 |  40.3 |      10 |       8 |  44.4
        D:4 |     125 |     164 |  56.7 |       7 |       6 |  46.2
            +---------+---------+-------+---------+---------+-------
